AoeStats
← [GG] Shevchenko 7

Highland

505136919Analyzed
4v4 RM · 26d ago on Sep 8, 2026· 10m 0s· 8 players
Game mode
Random Map
Map size
Large (8 player)
Population
200
Speed
Normal
Resources
Standard
Victory
Conquest
Starting age
Dark Age
Ending age
Imperial Age
RankedLock teamsTeams togetherTeam positionsShared explorationLock speedFull tech treeHidden civsTurbo modeCheats
Victory
Defeat
1065
+13
🇧🇷 Magyars · Brazil
1053
+14
🇧🇷 Portuguese · Brazil
1005
+16
🇧🇷 Turks · Brazil
982
+17
1055
-18
🇹🇼 Khmer · Taiwan
1009
-15
🇨🇳 Muisca · China
978
-14
🇺🇸 Persians · United States
955
-13
jerry80tim
9:01 Loom
10:53 Feudal Age
GeneralPique
8:36 Loom
10:21 Feudal Age
我的哈哈哈
2:04 Loom
6:39 Loom
9:44 Feudal Age
ACHMP | SirAlexander24
6:19 Loom
[GG] Trezeguet
10:21 Feudal Age
[GG] Shevchenko 7
5:14 Loom
11:03 Feudal Age
[GG] Ibrahimovic
4:58 Loom
[GG] Raúl González Blanco
10:18 Feudal Age
Connection lost

Rejoining the realm…

Still unreachable

The connection could not be restored.

Session expired

The server has moved on; the page needs a fresh start.